 Dungeon Crawl Stone Soup version 0.29.1-1-gd02db69 (webtiles) character file.

Game seed: 808890840472615771

10474 Timinator the Martial Artist (level 11, -16/89 HPs)
             Began as a Demigod Transmuter on Jan 12, 2023.
             Killed from afar by an efreet (30 damage)
             ... with a fireball
             ... on level 9 of the Dungeon.
             The game lasted 00:43:13 (13379 turns).

Timinator the Martial Artist (Demigod Transmuter)  Turns: 13379, Time: 00:43:13

Health: -16/89     AC: 14    Str: 15    XL:     11   Next: 14%
Magic:  16/17      EV: 15    Int: 15    God:
Gold:   252        SH:  0    Dex: 22    Spells: 7/14 levels left

rFire   . . .      SeeInvis +     - Unarmed
rCold   . . .      Faith    .   (no shield)
rNeg    . . .      Spirit   .   m - +0 ring mail
rPois   .          Reflect  .   l - +0 helmet
rElec   .          Harm     .   D - +0 cloak
rCorr   .          Rampage  .   p - +0 pair of gloves
Will    +....                   w - +0 pair of boots
Stlth   +.........              (no amulet)
HPRegen 0.24/turn               e - ring of see invisible
MPRegen 0.15/turn               h - +4 ring of protection

@: wereblooded
A: high MP 1, forlorn, divine attributes
a: no special abilities


You were on level 9 of the Dungeon.
You visited 1 branch of the dungeon, and saw 9 of its levels.
You also visited: Sewer.

You collected 438 gold pieces.
You spent 186 gold pieces at shops.

Inventory:

Missiles
 E - 2 throwing nets
Armour
 l - a +0 helmet (worn)
 m - a +0 ring mail (worn)
 p - a +0 pair of gloves (worn)
 r - a +0 pair of boots
 w - a +0 pair of boots (worn)
 D - a +0 cloak (worn)
Jewellery
 e - a ring of see invisible (left hand)
 h - a +4 ring of protection (right hand)
Wands
 g - a wand of digging (4)
 t - a wand of charming (10)
 u - a wand of roots (21)
 v - a wand of flame (31)
 B - a wand of acid (11)
Scrolls
 d - 5 scrolls of teleportation
 f - 2 scrolls of magic mapping
 i - 2 scrolls of enchant weapon
 j - a scroll of acquirement {unknown}
 k - 5 scrolls of vulnerability
 q - a scroll of summoning
 s - a scroll of enchant armour {unknown}
 x - 2 scrolls of noise {unknown}
 y - 2 scrolls of torment {unknown}
 A - a scroll of butterflies {unknown}
 F - a scroll of amnesia {unknown}
Potions
 a - a potion of heal wounds
 c - 5 potions of flight
 n - a potion of resistance
 z - 2 potions of magic
 G - a potion of attraction {unknown}
 H - 2 potions of haste {unknown}
Miscellaneous
 b - a condenser vane


   Skills:
 * Level 5.7 Fighting
 - Level 3.0 Armour
 * Level 6.5 Dodging
 * Level 12.0 Unarmed Combat
 - Level 2.0 Spellcasting
 * Level 6.6 Transmutations
 - Level 3.0 Ice Magic


You had 7 spell levels left.
You knew the following spells:

 Your Spells              Type           Power      Damage    Failure   Level
a - Beastly Appendage     Tmut           42%        N/A       2%          1
b - Wereblood             Tmut           21%        N/A       4%          2
c - Ice Form              Ice/Tmut       16%        N/A       50%         4

Your spell library contained the following spells:

 Spells                   Type           Power      Damage    Failure   Level
 Spider Form              Tmut/Pois      11%        N/A       32%         3
 Shock                    Conj/Air       4%         1d3       38%         1
 Ignite Poison            Fire/Tmut/Pois 8%         N/A       45%         3
 Gell's Gravitas          Tloc           1%         N/A       77%         3
 Lesser Beckoning         Tloc           1%         N/A       77%         3
 Mephitic Cloud           Conj/Pois/Air  1%         N/A       77%         3
 Teleport Other           Tloc           1%         N/A       77%         3
 Flame Wave               Conj/Fire      1%         2d4       99%         4
 Freezing Cloud           Conj/Ice/Air   2%         6-21      100%        5
 Iron Shot                Conj/Erth      0%         9d1       100%        6
 Statue Form              Tmut/Erth      7%         N/A       100%        6
 Lehudib's Crystal Spear  Conj/Erth      0%         10d2      100%        8
 Fire Storm               Conj/Fire      0%         6d1       100%        9


Dungeon Overview and Level Annotations

Branches:
Dungeon (9/15)             Temple (0/1) D:5           Sewer (visited)
   Lair: D:8-11         Orc: D:9-12

Shops:
D:3 (   D:5 *   D:8 **

Annotations:
D:4 2 transporters, Peacahk's ghost, amateur MfTm


Innate Abilities, Weirdness & Mutations

You have an increased reservoir of magic. (+10% MP)
You shall have no god before yourself.
Your divine heritage dramatically boosts your attributes as you level up.


Message History

The efreet is lightly wounded.
You punch the efreet!
The efreet is moderately wounded.
The efreet gestures at you. The bolt of fire hits you!!
You hit the efreet but do no damage. You punch the efreet.
The efreet is heavily wounded.
The efreet gestures at you.
The fireball explodes!
The fireball engulfs you.
The fireball engulfs the efreet.
The efreet completely resists.
You hear a shout!
You hit the efreet but do no damage.
The efreet is heavily wounded.
The efreet closely misses you.
You punch the efreet!
The efreet is severely wounded.
The kobold hits you but does no damage.
The efreet hits you with a +1 scimitar of flaming!
The efreet burns you.
You punch the efreet!
The efreet is almost dead.
You hit the efreet.
The efreet is almost dead.
The kobold barely misses you.
The efreet hits you with a +1 scimitar of flaming.
The efreet burns you.
You barely miss the efreet.
The efreet is almost dead.
The kobold closely misses you. The efreet gestures at you.
The fireball explodes!
The fireball engulfs you!
* * * LOW HITPOINT WARNING * * *
The fireball engulfs the kobold!!
The kobold dies!
The fireball engulfs the efreet.
The efreet completely resists.
You hit the efreet but do no damage.
The efreet is almost dead.
The efreet gestures at you.
The fireball explodes!
The fireball engulfs you!!
You die...

##...## ##.....## #.......# ##
#.......###### ### ######.
#............###.#########......
###..............................
##................#########......
##.....................####......
.#.............)@#####...##..##..
................R# #.......#...
..............z..# #...#####...
..#..........<...#####.#########.
....................##.####_####.
......>.............##.##.....##.
.○○☼○.°..........#...!.##♣...♣##.
#######................##.....###
.+ #.°........##.#..##♣...♣#


You could see a skeletal warrior and an efreet.

Vanquished Creatures
  2 two-headed ogres (D:9)
  2 centaur warriors (D:9)
  Pikel (D:6)
  A cyclops (D:9)
  A hornet (D:9)
  2 shadows (D:9)
  A wraith (D:9)
  2 wyverns (D:9)
  6 yaks (D:9)
  A steam dragon (D:8)
  2 water moccasins
  4 orc warriors
  Duvessa (D:7)
  3 sky beasts
  3 ice beasts
  3 ogres
  A black bear (D:4)
  A centaur (D:7)
  2 kobold brigands (D:8)
  A necrophage (D:6)
  5 bullfrogs
  2 gnoll sergeants
  A scorpion (D:6)
  9 wights
  Dowan (D:7)
  17 killer bees
  3 electric eels (D:8)
  A howler monkey (D:4)
  3 hounds (D:6)
  A gnoll bouda (D:6)
  6 orc priests
  2 iguanas
  Ijyb (D:5)
  Crazy Yiuf (D:6)
  Terence (D:2)
  9 orc wizards
  14 adders
  12 gnolls
  2 ufetubi
  2 worms (D:2)
  2 dart slugs
  38 orcs
  10 bats
  7 endoplasms
  12 giant cockroaches
  8 goblins
  12 hobgoblins
  3 jackals (D:4)
  8 quokkas
  16 ball pythons
  15 frilled lizards
  20 kobolds
  11 rats
295 creatures vanquished.

Vanquished Creatures (collateral kills)
  A kobold brigand (D:9)
  3 kobolds (D:9)
4 creatures vanquished.

Vanquished Creatures (others)
  A boulder beetle (D:9)
  An orc wizard (D:7)
  A kobold (D:9)
3 creatures vanquished.

Grand Total: 302 creatures vanquished

Notes
Turn   | Place    | Note
-------+----------+-------------------------------------------
     0 | D:1      | Timinator the Demigod Transmuter began the quest for the
                  | Orb.
     0 | D:1      | Reached XP level 1. HP: 15/15 MP: 5/5
   156 | D:1      | Reached skill level 1 in Fighting
   229 | D:1      | Reached skill level 3 in Unarmed Combat
   281 | D:1      | Reached XP level 2. HP: 23/23 MP: 5/7
   710 | D:1      | Reached XP level 3. HP: 28/28 MP: 6/8
  1416 | D:2      | Noticed Terence
  1425 | D:2      | Reached skill level 1 in Armour
  1434 | D:2      | Killed Terence
  1550 | D:2      | Reached XP level 4. HP: 13/36 MP: 7/9
  1835 | D:2      | Got the Quarto of Silt and the Wind
  2483 | D:3      | Learned a level 2 spell: Wereblood
  2547 | D:3      | Found Madgh's Weapon Shop.
  2652 | D:3      | Identified the +0 robe of Baldness {rF- Dex+5}
  2911 | D:3      | Reached XP level 5. HP: 41/41 MP: 8/10
  2959 | D:3      | Got the Encyclopedia of Confrontation
  2965 | D:3      | Learned a level 4 spell: Ice Form
  3486 | D:4      | Noticed a black bear
  3495 | D:4      | Killed a black bear
  3496 | D:4      | Reached skill level 4 in Unarmed Combat
  3630 | D:4      | Found a transporter.
  3647 | D:4      | Found a transporter.
  3650 | D:4      | Noticed Peacahk's ghost (amateur MfTm)
  3676 | D:4      | Found a glowing drain.
  3684 | D:4      | Reached XP level 6. HP: 48/48 MP: 9/11
  3689 | D:4      | Noticed a water moccasin
  3704 | D:4      | Killed a water moccasin
  3726 | Sewer    | Entered a sewer
  4158 | Sewer    | Reached XP level 7. HP: 32/56 MP: 11/13
  5149 | D:5      | Entered Level 5 of the Dungeon
  5149 | D:5      | Found Palyxypta's Assorted Antiques.
  5202 | D:5      | Reached skill level 5 in Unarmed Combat
  5361 | D:5      | Found a staircase to the Ecumenical Temple.
  5794 | D:5      | Noticed Ijyb
  5809 | D:5      | Killed Ijyb
  6365 | D:6      | Noticed Pikel
  6381 | D:6      | Killed Pikel
  6382 | D:6      | Reached skill level 6 in Unarmed Combat
  6382 | D:6      | Reached skill level 1 in Ice Magic
  6382 | D:6      | Reached XP level 8. HP: 64/64 MP: 9/14
  6527 | D:6      | Found a runed translucent door.
  6528 | D:6      | Noticed Crazy Yiuf
  6828 | D:6      | Reached skill level 7 in Unarmed Combat
  7339 | D:6      | Reached skill level 5 in Transmutations
  7645 | D:6      | Killed Crazy Yiuf
  7789 | D:7      | Reached XP level 9. HP: 42/70 MP: 13/15
  8065 | D:7      | Reached skill level 8 in Unarmed Combat
  8366 | D:7      | Noticed Duvessa
  8368 | D:7      | Noticed Dowan
  8383 | D:7      | Killed Duvessa
  8392 | D:7      | Reached skill level 5 in Dodging
  8404 | D:7      | Killed Dowan
  9122 | D:7      | Reached skill level 9 in Unarmed Combat
 10126 | D:8      | Found Kist's Specific Store.
 10130 | D:8      | Found Higg's General Store.
 10258 | D:8      | Bought a potion of might for 48 gold pieces
 10258 | D:8      | Bought a scroll of identify for 24 gold pieces
 10258 | D:8      | Bought a scroll of summoning for 114 gold pieces
 11379 | D:8      | Reached XP level 10. HP: 59/80 MP: 16/16
 11530 | D:9      | Noticed a two-headed ogre
 11538 | D:9      | Killed a two-headed ogre
 11539 | D:9      | Reached skill level 5 in Fighting
 11547 | D:9      | Reached skill level 10 in Unarmed Combat
 12204 | D:9      | Noticed a centaur warrior
 12204 | D:9      | Noticed a cyclops
 12215 | D:9      | Killed a centaur warrior
 12216 | D:9      | Reached skill level 11 in Unarmed Combat
 12222 | D:9      | Killed a cyclops
 12273 | D:9      | Noticed a four-headed hydra
 12637 | D:9      | Noticed a two-headed ogre
 12656 | D:9      | Killed a two-headed ogre
 12949 | D:9      | Reached XP level 11. HP: 88/88 MP: 15/17
 12956 | D:9      | Noticed a centaur warrior
 12956 | D:9      | Noticed a boulder beetle
 12956 | D:9      | Noticed a skeletal warrior
 12968 | D:9      | Killed a centaur warrior
 12981 | D:9      | Killed a boulder beetle
 12982 | D:9      | Reached skill level 12 in Unarmed Combat
 12984 | D:9      | Noticed a boulder beetle
 13379 | D:9      | Killed from afar by an efreet

Illustrated notes

Levels and vault maps discovered:
D:1:      moated_graveyard_arrival, layout_loops_corners, st_stairs_11,
          minmay_heptomino_h4
D:2:      layout_rooms, ebering_ecumenical_altar_sacrificial,
          minmay_crystal_water, dreamdust_princess_corridor,
          minmay_randomly_rotated_circles, uniq_terence
D:3:      layout_basic, led_sif_book, nemelex_spade_bored_becter,
          nicolae_hepliaklqana_hippocampus, serial_shops,
          nicolae_shop_hallway_plus
D:4:      layout_loops_cross, zin_academy, nicolae_overflow_hidden_temple,
          gup_sewer_entry_glass, gammafunk_ghost_mausoleum
D:5:      layout_gridville, minmay_temple_entry_hall, serial_shops,
          nicolae_shop_hallway_stairs, uniq_ijyb
D:6:      layout_cave_pods, chequers_serial_rivers_large_a, st_stairs_2,
          uniq_crazy_yiuf_cottage, uniq_pikel
D:7:      layout_rooms, mainiacjoe_overflow_brackets, kennysheep_mini_moat,
          uniq_duvessa
D:8:      layout_basic, xom_shifter_show, ashenzari_altar_1, vehumet_crystals,
          grunt_decor_one_mirror, kennysheep_cluttered_room,
          nicolae_specific_store
D:9:      layout_rooms, tso_altar, minmay_misc_feat_room, nicolae_rejected_hall,
          uniq_erica

Skill      XL: |  1  2  3  4  5  6  7  8  9 10 11 |
---------------+----------------------------------+-----
Fighting       | 1 2 3 4 5 |  5.7
Unarmed Combat | 3 4 6 7 9 11 12 | 12.0
Spellcasting   | 2 |  2.0
Dodging        | 2 3 4 5 6 |  6.5
Transmutations | 2 3 4 5 6 |  6.6
Armour         | 1 2 3 |  3.0
Ice Magic      | 1 2 3 |  3.0

Action                   |  1- 3 |  4- 6 |  7- 9 | 10-12 || total
-------------------------+-------+-------+-------+-------++-------
Melee: Unarmed           |   121 |   225 |   419 |   212 ||   977
       Kick              |    22 |    44 |   138 |       ||   204
       Headbutt          |    11 |    33 |    77 |       ||   121
       Punch             |     1 |     3 |    28 |    23 ||    55
 Cast: Beastly Appendage |    25 |    42 |    44 |       ||   111
       Wereblood         |       |    10 |    22 |    13 ||    45
Evoke: Wand              |       |       |     1 |     4 ||     5
  Use: Potion            |       |     2 |     3 |     8 ||    13
       Scroll            |       |       |    12 |     2 ||    14
 Stab: Sleeping          |     3 |     3 |       |       ||     6
Armor: Robe              |    24 |    56 |       |       ||    80
       Skin              |       |    10 |       |       ||    10
       Ring mail         |       |       |   132 |    58 ||   190
Dodge: Dodged            |    84 |   175 |   265 |   140 ||   664
